 Dungeon Crawl Stone Soup version 0.29.1-12-g30fa7ad0bf (webtiles) character file.

Game seed: 6432711135973742275

9 112233 the Sneak (level 2, -3/14 HPs)
             Began as a Felid Delver on Dec 22, 2022.
             Slain by a hornet (10 damage)
             ... on level 7 of the Dungeon.
             The game lasted 00:00:49 (138 turns).

112233 the Sneak (Felid Delver)                      Turns: 138, Time: 00:00:50

Health: -3/14      AC:  1    Str:  8    XL:     2   Next: 6%
Magic:  3/3        EV: 18    Int: 11    God:
Gold:   0          SH:  0    Dex: 17    Spells: 1/1 levels left
                                        Lives:  0   Deaths: 0

rFire   . . .      SeeInvis +     - Unarmed
rCold   . . .      Faith    .   (shield unavailable)
rNeg    . . .      Spirit   .   (body armour unavailable)
rPois   .          Reflect  .   (helmet unavailable)
rElec   .          Harm     .   (cloak unavailable)
rCorr   .          Rampage  .   (gloves unavailable)
Will    .....                   (boots unavailable)
Stlth   ++++......              (no amulet)
HPRegen 0.04/turn               (no ring)
MPRegen 0.08/turn               (no ring)

@: quick
A: very small, claws 1, fangs 3, see invisible, speed 1, shaggy fur 1, stealthy
paws, no weapons or thrown items, no armour, multi-lived
a: no special abilities


You were on level 7 of the Dungeon.
You visited 1 branch of the dungeon, and saw 3 of its levels.

Inventory:

Wands
 e - a wand of digging (3)
Scrolls
 a - a scroll of fog
 b - a scroll of magic mapping
 c - a scroll of fear
Potions
 d - a potion of haste
 f - a potion of heal wounds {unknown}
 g - 2 potions of brilliance {unknown}


   Skills:
 + Level 3.1 Fighting
 + Level 3.0 Dodging
 + Level 6.7 Stealth
 + Level 2.2 Unarmed Combat


You had one spell level left.
You didn't know any spells.
Your spell library was empty.

Dungeon Overview and Level Annotations

Branches:
Dungeon (7/15)
 Temple: D:4-7

Altars:

Annotations:
D:6 3 runed translucent doors, raetorn's ghost, novice VSBr


Innate Abilities, Weirdness & Mutations

You have sharp claws.
You have razor-sharp teeth.
You have supernaturally acute eyesight. (SInv)
You cover ground quickly. (Speed+)
You are covered in fur. (AC +1)
Your paws help you pounce on unaware monsters.
You are incapable of wielding weapons or throwing items.
You cannot wear armour.
You gain extra lives every three experience levels.


Message History

There is a stone staircase leading up here.
An orc priest comes into view. It is wielding a +0 flail.
Found 2 yellow potions.
Found a war axe.
Found 5 stones.
You see here 2 yellow potions.
g - 2 yellow potions
Found 6 stones.
A gnoll comes into view. It is wielding a +0 flail.
The gnoll shouts!
You hear a shout! x2
A gnoll bouda comes into view. It is wielding a +0 whip.
A gnoll is nearby!
An orc warrior comes into view. It is wielding a +0 trident.
The orc warrior shouts!
An orc priest comes into view. It is wielding a +0 trident.
An orc comes into view. It is wielding a +0 short sword.
The orc priest mumbles some strange prayers to Beogh against you.
Beogh smites you!
Ouch! That really hurt!
An orc comes into view. It is wielding a +0 hand axe.
You hear a shout!
The gnoll closely misses you.
Found a runed translucent gate.
Found a purple potion.
The gnoll bouda shouts!
Found a dagger.
The orc shouts!
You hear a shout!
Found a stone staircase leading down.
The orc priest calls down the wrath of Beogh upon you.
Pain shoots through your body!
Found a scroll labelled JEXUJEOGOSM.
There is a stone staircase leading down here.
You climb downwards.
There is a stone staircase leading up here.
The helpless hornet fails to defend itself.
You mangle the hornet!!
The hornet is severely wounded.
The hornet stings you!
Ouch! That really hurt!
You die...

..####
......#
.......##
........##
.........#
.........
........#
......y@#
.......##
.......
......#
......
.....#
.....
#....


You could see a hornet.

Vanquished Creatures
  A gnoll (D:6)
1 creature vanquished.

Notes
Turn   | Place    | Note
-------+----------+-------------------------------------------
     0 | D:5      | 112233 the Felid Delver began the quest for the Orb.
     0 | D:5      | Reached XP level 1. HP: 10/10 MP: 2/2
     6 | D:5      | Noticed a black bear
    14 | D:5      | Noticed an orc priest
    21 | D:6      | Noticed a gnoll bouda
    23 | D:6      | Reached XP level 2. HP: 14/14 MP: 3/3
    33 | D:6      | Noticed a necrophage
   119 | D:6      | Noticed an orc warrior
   120 | D:6      | Noticed an ice beast
   124 | D:6      | Found a runed translucent gate.
   125 | D:6      | Found a runed translucent gate.
   126 | D:6      | Found a runed translucent gate.
   126 | D:6      | Noticed raetorn's ghost (novice VSBr)
   128 | D:6      | Noticed a yak
   137 | D:7      | Noticed a hornet
   138 | D:7      | Slain by a hornet

Illustrated notes

Levels and vault maps discovered:
D:5:      layout_gridville, mainiacjoe_overflow_catwalk, amcnicky_altar_gilded,
          eat_drink_and_be_merry_uskayaw, nicolae_ossuary_entry_monument,
          minmay_misc_feat_chi, kennysheep_flooded_box
D:6:      layout_basic, mainiacjoe_overflow_big_doors, gammafunk_ghost_split
D:7:      layout_cave_pods, eino_jars, uniq_duvessa

Skill      XL: |  1 |
---------------+----+-----
Dodging        | 3 |  3.0
Fighting       | |  3.1
Stealth        | |  6.7
Unarmed Combat | |  2.2

Action                   || total
-------------------------++-------
Melee: Unarmed           ||     2
 Stab: Sleeping          ||     2
Dodge: Dodged            ||     3
